 Dungeon Crawl Stone Soup version 0.21-a0-625-g1119ec1 (webtiles) character file.

6 tidbits the Fighter (level 1, 23/28 HPs)
             Began as a Gnoll Wanderer on Dec 24, 2017.
             Quit the game on level 2 of the Dungeon.
             The game lasted 00:00:44 (58 turns).

tidbits the Fighter (Gnoll Wanderer)                  Turns: 58, Time: 00:00:44

Health: 23/28      AC:  2    Str: 13    XL:     1   Next: 90%
Magic:  2/2        EV: 11    Int: 13    God:
Gold:   3          SH:  0    Dex: 16    Spells: 0/0 levels left

rFire    . . .     SeeInvis .   a - +2 mace
rCold    . . .     Gourm    .   (no shield)
rNeg     . . .     Faith    .   d - +0 robe
rPois    .         Spirit   .   (no helmet)
rElec    .         Reflect  .   (no cloak)
rCorr    .         Harm     .   (no gloves)
MR       .....                  (no boots)
Stlth    ++........             (no amulet)
HPRegen  0.09/turn              (no ring)
MPRegen  0.08/turn              (no ring)

@: no status effects
A: distributed training, fangs 1, strong nose
a: no special abilities


You were on level 2 of the Dungeon.
You were not hungry.

You visited 1 branch of the dungeon, and saw 2 of its levels.

You collected 3 gold pieces.

Inventory:

Hand Weapons
 a - a +2 mace (weapon)
 e - a +0 short sword
Armour
 d - a +0 robe (worn)
Scrolls
 b - a scroll of teleportation
 g - a scroll of random uselessness {unknown}
Potions
 c - a potion of lignification
Comestibles
 f - a ration


   Skills:
 + Level 10.3 Fighting
 + Level 0.1 Short Blades
 + Level 0.1 Long Blades
 + Level 0.1 Axes
 + Level 4.4 Maces & Flails
 + Level 0.1 Polearms
 + Level 2.4 Staves
 + Level 0.1 Slings
 + Level 0.1 Bows
 + Level 0.1 Crossbows
 + Level 0.1 Throwing
 + Level 0.1 Armour
 + Level 0.1 Dodging
 + Level 2.2 Stealth
 + Level 0.1 Shields
 + Level 0.1 Unarmed Combat
 + Level 0.1 Spellcasting
 + Level 0.1 Conjurations
 + Level 0.1 Hexes
 + Level 0.1 Charms
 + Level 0.1 Summonings
 + Level 0.1 Necromancy
 + Level 0.1 Translocations
 + Level 0.1 Transmutations
 + Level 0.1 Fire Magic
 + Level 0.1 Ice Magic
 + Level 0.1 Air Magic
 + Level 0.1 Earth Magic
 + Level 0.1 Poison Magic
 + Level 0.2 Invocations
 + Level 2.4 Evocations


You couldn't memorise any spells.
You didn't know any spells.

Dungeon Overview and Level Annotations

Branches:
Dungeon (2/15)

Altars:


Innate Abilities, Weirdness & Mutations

Your experience applies equally to all skills.
You have very sharp teeth.
Your uncanny sense of smell can sniff out nearby items.


Message History

Welcome, tidbits the Gnoll Wanderer.
Will you prevail where others failed? Will you find the Orb of Zot?
Press ? for a list of commands and other information.
Found 3 gold pieces.
Found a staircase leading out of the dungeon.
You now have 3 gold pieces.
You open the door.
There is an open door here.
A kobold comes into view. It is wielding a short sword.
Found a club.
A kobold is nearby!
A bat comes into view.
The kobold shouts!
You hit the bat. Your bite misses the bat.
The bat is moderately wounded.
The bat barely misses you.
You hit the bat.
You kill the bat!
You closely miss the kobold. The kobold hits you with a short sword.
You hit the kobold. You bite the kobold, but do no damage.
The kobold is severely wounded.
The kobold closely misses you.
You hit the kobold.
You kill the kobold!
Things that are here:
a short sword; a kobold corpse; a bat corpse
e - a short sword A hobgoblin comes into view.
The hobgoblin shouts!
You hear a shout!
A kobold comes into view.
The hobgoblin hits you but does no damage.
A kobold comes into view.
You closely miss the hobgoblin. The hobgoblin hits you.
The kobold shouts!
You hit the hobgoblin.
The hobgoblin is severely wounded.
The hobgoblin barely misses you.
You hit the hobgoblin.
You kill the hobgoblin!
The kobold throws a stone.
The stone completely misses you.
The kobold throws a stone.
The stone hits you but does no damage. The kobold hits you.
You see here a hobgoblin corpse.
You hit the kobold.
You kill the kobold!
The kobold hits you.
You hit the kobold. Your bite misses the kobold.
The kobold is severely wounded.
The kobold barely misses you.
You hit the kobold.
You kill the kobold!
You see here 2 stones.
There is an open door here.
Found a ration.
Found a stone staircase leading down.
A goblin comes into view.
Found a hunting sling.
There is a stone staircase leading down here.
You climb downwards.
A bat and a goblin come into view.
The goblin shouts!
Found five items.
There is a stone staircase leading up here.
The bat hits you but does no damage.
You see here a scroll labeled YQIOLE ADER.
g - a scroll labeled YQIOLE ADER The bat closely misses you.
You hit the goblin.
The goblin is severely wounded.
The bat hits you but does no damage. The goblin barely misses you.
You hit the goblin.
You kill the goblin!
The bat barely misses you. The bat hits you but does no damage.
You see here a leather armour.
You barely miss the bat. The bat hits you but does no damage.
Things that are here:
a club; a goblin corpse You barely miss the bat.
You bite the bat.
The bat is heavily wounded.
The bat barely misses you.
You swing at nothing.
The bat hits you but does no damage.
Are you sure you want to abandon this character and quit the game? (Confirm with "yes".)

#. ..
######.####
#.........#
#.........#
#....!$...#
#.b.......##
#.<.........
#..@[[....#
#.........#
###########


You could see a bat.

Vanquished Creatures
  A bat (D:1)
  A goblin (D:2)
  A hobgoblin (D:1)
  3 kobolds (D:1)
6 creatures vanquished.

Notes
Turn   | Place    | Note
-------+----------+-------------------------------------------
     0 | D:1      | Reached skill level 10 in Fighting
     0 | D:1      | tidbits the Gnoll Wanderer began the quest for the Orb.
     0 | D:1      | tidbits set off with: a +2 mace, a scroll of teleportation, a potion of lignification, a +0 robe, a ration
     0 | D:1      | Reached XP level 1. HP: 28/28 MP: 2/2
    58 | D:2      | Quit the game

Vault maps used:
D:1:      mushboom_english_gardens
D:2:      grunt_decor_mini_mirrors, serial_bayou_crossing

Skill      XL: | |
---------------+-+-----
Fighting       | | 10.3
Short Blades   | |  0.1
Long Blades    | |  0.1
Axes           | |  0.1
Maces & Flails | |  4.4
Polearms       | |  0.1
Staves         | |  2.4
Slings         | |  0.1
Bows           | |  0.1
Crossbows      | |  0.1
Throwing       | |  0.1
Armour         | |  0.1
Dodging        | |  0.1
Stealth        | |  2.2
Shields        | |  0.1
Unarmed Combat | |  0.1
Spellcasting   | |  0.1
Conjurations   | |  0.1
Hexes          | |  0.1
Charms         | |  0.1
Summonings     | |  0.1
Necromancy     | |  0.1
Translocations | |  0.1
Transmutations | |  0.1
Fire Magic     | |  0.1
Ice Magic      | |  0.1
Air Magic      | |  0.1
Earth Magic    | |  0.1
Poison Magic   | |  0.1
Invocations    | |  0.2
Evocations     | |  2.4

Action                   || total
-------------------------++-------
Melee: Mace              ||    15
       Bite              ||     2
Armor: Robe              ||     6
Dodge: Dodged            ||     9

Table legend:
 A = Spawn XP
 B = Non-spawn XP
 C = Spawn XP percentage of total XP
 D = Spawn monster count
 E = Non-spawn monster count
 F = Spawn count percentage of total count
 G = Total turns spent on level
                    A         B        C        D         E        F      G
               +---------+---------+-------+---------+---------+-------+---------
         Total |       0 |       9 |   0.0 |       0 |       6 |   0.0 |    58
               +---------+---------+-------+---------+---------+-------+---------
           D:1 |       0 |       7 |   0.0 |       0 |       5 |   0.0 |    47
           D:2 |       0 |       2 |   0.0 |       0 |       1 |   0.0 |    11
               +---------+---------+-------+---------+---------+-------+---------

Table legend:
 A = Turns spent in this place as a percentage of turns spent in the entire game.
 B = Non-inter-level travel turns spent in this place as a percentage of non-inter-level travel turns spent in the entire game.
 C = Inter-level travel turns spent in this place as a percentage of turns spent in this place.
 D = Turns resting spent in this place as a percentage of non-inter-level travel turns spent in this place.
 E = Turns spent auto-exploring this place as a percentage of non-inter-level travel turns spent in this place.
 F = Non-inter-level travel turns spent in this place divided by the number of levels of this place that you've seen.
                   A       B       C       D       E      F
               +-------+-------+-------+-------+-------+----------------------
         Total | 100.0 | 100.0 |   0.0 |   0.0 |   0.0 |  29.0
       Dungeon | 100.0 | 100.0 |   0.0 |   0.0 |   0.0 |  29.0
               +-------+-------+-------+-------+-------+----------------------

Table legend:
 A = Kills in this place as a percentage of kills in entire the game.
 B = Kills by you in this place as a percentage of kills by you in the entire game.
 C = Kills by friends in this place as a percentage of kills by friends in the entire game.
 D = Other kills in this place as a percentage of other kills in the entire game.
 E = Experience gained in this place as a percentage of experience gained in the entire game.
 F = Experience gained in this place divided by the number of levels of this place that you have seen.
                   A       B       C       D       E      F
               +-------+-------+-------+-------+-------+----------------------
         Total | 100.0 | 100.0 |   N/A |   N/A | 100.0 |   4.5
       Dungeon | 100.0 | 100.0 |   N/A |   N/A | 100.0 |   4.5
               +-------+-------+-------+-------+-------+----------------------

Vault maps used:
D:1:      mushboom_english_gardens
D:2:      grunt_decor_mini_mirrors, serial_bayou_crossing
